[Event "RUS-chT Premier 2021"]
[White "Grachev,Boris"]
[Black "Pervakov,Sergey"]
[WhiteTeam "Шахматная сборная Москвы"]
[BlackTeam "Киммерия"]
[Site "Sochi"]
[Round "8.5"]
[Annotator "RC"]
[Result "1-0"]
[Date "2021.05.09"]
[WhiteElo "2619"]
[BlackElo "2056"]
[PlyCount "53"]
[TimeControl "60"]

1. d4 d5 2. Nf3 Nf6 3. c4 c6 4. g3 dxc4 5. Bg2 Nbd7 6. a4 g6 7. Na3 Bg7 8. Nxc4 0-0 9. a5 Nd5 10. e4 Nc7 11. 0-0 Nf6 12. Nfe5 Be6 13. Be3 Qc8 14. Rc1 Bh3 15. f3 Bxg2 16. Kxg2 Qe6 17. Qb3 Rab8 18. Nd3 Nxe4 19. Nf4 Qf5 20. fxe4 Qxe4+ 21. Rf3 Nb5 22. d5 cxd5 23. Qxb5 dxc4 24. Rxc4 Qb1 25. Rf1 Qxb2+ 26. Qxb2 Bxb2 27. Rb1 1-0

[Event "RUS-chT Premier 2021"]
[White "Zakhartsov,Vladimir"]
[Black "Alekseev,Evgeny"]
[WhiteTeam "Школа М. Ботвинника"]
[BlackTeam "КПРФ"]
[Site "Sochi"]
[Round "8.8"]
[Annotator "RC"]
[Result "1/2-1/2"]
[Date "2021.05.09"]
[WhiteElo "2486"]
[BlackElo "2619"]
[PlyCount "64"]
[TimeControl "60"]

1. d4 Nf6 2. c4 e6 3. Nc3 d5 4. cxd5 exd5 5. Bg5 c6 6. e3 Be7 7. Qc2 Nbd7 8. Bd3 0-0 9. Nf3 Re8 10. 0-0 Nf8 11. Rab1 Be6 12. b4 Rc8 13. Na4 Ne4 14. Bf4 Bd6 15. Bxd6 Nxd6 16. Nc5 g6 17. a4 Nd7 18. h3 Qe7 19. Nxe6 Qxe6 20. Qa2 a6 21. b5 axb5 22. axb5 c5 23. dxc5 Nxc5 24. Nd4 Qf6 25. Rbd1 Nde4 26. Bxe4 dxe4 27. Qa7 Qe7 28. Rc1 Nd3 29. Rxc8 Rxc8 30. Qb6 h5 31. Ne2 Rc2 32. Nf4 Nxf4 1/2-1/2

[Event "RUS-chT Premier 2021"]
[White "Zvjaginsev,Vadim"]
[Black "Makarian,Rudik"]
[WhiteTeam "КПРФ"]
[BlackTeam "Школа М. Ботвинника"]
[Site "Sochi"]
[Round "8.9"]
[Annotator "RC"]
[Result "1/2-1/2"]
[Date "2021.05.09"]
[WhiteElo "2614"]
[BlackElo "2468"]
[PlyCount "60"]
[TimeControl "60"]

1. c4 e6 2. Nc3 Nf6 3. Nf3 d5 4. e3 dxc4 5. Bxc4 a6 6. a4 c5 7. 0-0 Nc6 8. Qe2 Be7 9. Rd1 0-0 10. h3 b6 11. d4 cxd4 12. exd4 Nb4 13. Bg5 Bb7 14. Ne5 Nfd5 15. Nxd5 Nxd5 16. Bd2 Bb4 17. Bxb4 Nxb4 18. Ra3 Rc8 19. Rg3 Rc7 20. Qd2 Nd5 21. a5 bxa5 22. Qh6 f6 23. Bd3 g5 24. Nf3 Rg7 25. h4 Nf4 26. hxg5 Bxf3 27. gxf6 Qxf6 28. Bxh7+ Kh8 29. Bg6+ Kg8 30. Bh7+ Kh8 1/2-1/2

[Event "RUS-chT Premier 2021"]
[White "Potkin,Vladimir"]
[Black "Kukhmazov,Arsen"]
[WhiteTeam "КПРФ"]
[BlackTeam "Школа М. Ботвинника"]
[Site "Sochi"]
[Round "8.11"]
[Annotator "ChessBase"]
[Result "1/2-1/2"]
[Date "2021.05.09"]
[WhiteElo "2578"]
[BlackElo "2451"]
[PlyCount "63"]
[TimeControl "60"]

1. e4 c6 2. d4 d5 3. e5 Bf5 4. Nf3 e6 5. Be2 c5 6. 0-0 Nc6 7. c3 cxd4 8. Nxd4 Nxd4 9. cxd4 Ne7 10. g4 Bxb1 11. Rxb1 Nc6 12. f4 Be7 13. Be3 0-0 14. b4 Rc8 15. Qd2 a6 16. f5 f6 17. fxe6 fxe5 18. Rxf8+ Qxf8 19. dxe5 d4 20. Bf2 Bxb4 21. Qd3 b5 22. Qe4 Qc5 23. Bd3 g6 24. Bg3 Re8 25. Qf4 Rf8 26. Qg5 Qc3 27. Bxg6 hxg6 28. Qxg6+ Kh8 29. Qh6+ Kg8 30. Qg6+ Kh8 31. Qh6+ Kg8 32. Qg6+ 1/2-1/2

[Event "RUS-chT Premier 2021"]
[White "Vetokhin,Savva"]
[Black "Kornev,Alexei"]
[WhiteTeam "Школа М. Ботвинника"]
[BlackTeam "КПРФ"]
[Site "Sochi"]
[Round "8.12"]
[Annotator "ChessBase"]
[Result "0-1"]
[Date "2021.05.09"]
[WhiteElo "2261"]
[BlackElo "2498"]
[PlyCount "86"]
[TimeControl "60"]

1. Nf3 Nf6 2. g3 g6 3. Bg2 Bg7 4. 0-0 0-0 5. d4 d5 6. c3 Nbd7 7. Nbd2 c5 8. Re1 cxd4 9. cxd4 Nb6 10. Nb1 Bf5 11. Nc3 Ne4 12. Nh4 Nxc3 13. bxc3 Be6 14. Nf3 Rc8 15. Bd2 Nc4 16. Qb3 Qd7 17. Bf4 h6 18. Rab1 b6 19. h4 Rc6 20. Nd2 Rfc8 21. Nxc4 Rxc4 22. Bd2 Bh3 23. Bh1 e5 24. dxe5 Bxe5 25. Qb5 R8c5 26. Qxd7 Bxd7 27. Red1 Be6 28. Rb3 Kh7 29. Ra3 d4 30. cxd4 Rxd4 31. Kf1 Rc2 32. Ke1 Bd6 33. Rd3 Rxd3 34. exd3 Rxa2 35. d4 b5 36. Be4 Bc4 37. h5 a5 38. hxg6+ fxg6 39. Rb1 a4 40. Bf3 a3 41. Kd1 Bd3 42. Rc1 Rb2 43. Bd5 a2 0-1

[Event "RUS-chT Premier 2021"]
[White "Kryakvin,Dmitry"]
[Black "Ponkratov,Pavel"]
[WhiteTeam "Wildberries Молодёжка"]
[BlackTeam "Медный всадник"]
[Site "Sochi"]
[Round "8.18"]
[Annotator "RC"]
[Result "1/2-1/2"]
[Date "2021.05.09"]
[WhiteElo "2577"]
[BlackElo "2619"]
[PlyCount "54"]
[TimeControl "60"]

1. Nf3 Nf6 2. c4 e6 3. g3 d5 4. d4 Bb4+ 5. Bd2 Be7 6. Bg2 0-0 7. 0-0 Nbd7 8. Qc2 Ne4 9. Nc3 Nxd2 10. Nxd2 c6 11. e3 Rb8 12. Rfd1 dxc4 13. Nxc4 b5 14. Nd2 c5 15. dxc5 Nxc5 16. Nb3 Qb6 17. Nxc5 Qxc5 18. Rac1 Qb6 19. Ne4 Bb7 20. Qc7 Qxc7 21. Rxc7 Bd8 22. Rcd7 Bxe4 23. Bxe4 Bb6 24. Kf1 Rfd8 25. Ke2 Kf8 26. Rxd8+ Rxd8 27. Rxd8+ Bxd8 1/2-1/2

[Event "RUS-chT Premier 2021"]
[White "Kobalia,Mikhail"]
[Black "Timofeev,Artyom"]
[WhiteTeam "Гоголевский, 14"]
[BlackTeam "Ладья"]
[Site "Sochi"]
[Round "8.21"]
[Annotator "ChessBase"]
[Result "1/2-1/2"]
[Date "2021.05.09"]
[WhiteElo "2587"]
[BlackElo "2594"]
[PlyCount "100"]
[TimeControl "60"]

1. d4 d5 2. c4 e6 3. Nc3 Nf6 4. Nf3 c5 5. cxd5 Nxd5 6. e4 Nxc3 7. bxc3 cxd4 8. cxd4 Bb4+ 9. Bd2 Bxd2+ 10. Qxd2 0-0 11. Rc1 b6 12. Bd3 Bb7 13. 0-0 Nd7 14. Qf4 Rc8 15. Rxc8 Qxc8 16. Rc1 Qb8 17. Qxb8 Rxb8 18. Rc7 Nf6 19. Ng5 h6 20. Nxf7 Bxe4 21. Bxe4 Nxe4 22. f3 Nf6 23. Rxa7 Nd5 24. Ne5 Rc8 25. h4 Nf4 26. g4 Rc1+ 27. Kf2 Rc2+ 28. Kf1 Rc1+ 29. Kf2 Rc2+ 30. Ke1 Ng2+ 31. Kd1 Ne3+ 32. Ke1 Ng2+ 33. Kf1 Nxh4 34. Re7 Ng2 35. Rxe6 Ne3+ 36. Kg1 Rg2+ 37. Kh1 Rxa2 38. Rxb6 Rd2 39. Rd6 Kh7 40. Rd8 Nf1 41. Kg1 Ng3 42. Nc6 h5 43. gxh5 Nxh5 44. d5 Nf4 45. Ne7 Ng6 46. Nxg6 Kxg6 47. Kf1 Kf6 48. Ke1 Rd4 49. Kf2 Ke7 50. Ke3 Rd1 1/2-1/2

[Event "RUS-chT Premier 2021"]
[White "Makhmutov,Rail"]
[Black "Tregubov,Pavel V."]
[WhiteTeam "Ладья"]
[BlackTeam "Гоголевский, 14"]
[Site "Sochi"]
[Round "8.22"]
[Annotator "ChessBase"]
[Result "1/2-1/2"]
[Date "2021.05.09"]
[WhiteElo "2450"]
[BlackElo "2560"]
[PlyCount "46"]
[TimeControl "60"]

1. d4 Nf6 2. c4 e6 3. Nf3 Bb4+ 4. Bd2 Qe7 5. e3 Bxd2+ 6. Qxd2 d6 7. Bd3 e5 8. Bc2 Bg4 9. Nc3 Bxf3 10. gxf3 exd4 11. Qxd4 Nc6 12. Qd2 0-0-0 13. 0-0-0 g6 14. Qe2 Nb4 15. Bb1 Rhe8 16. f4 Na6 17. Rd4 Nc5 18. Rhd1 Qd7 19. Qf3 Qg4 20. Qg3 Ne6 21. R4d2 Nc5 22. Rd4 Ne6 23. R4d2 Nc5 1/2-1/2

[Event "RUS-chT Premier 2021"]
[White "Murzin,Volodar"]
[Black "Samusenko,Maksim"]
[WhiteTeam "Гоголевский, 14"]
[BlackTeam "Ладья"]
[Site "Sochi"]
[Round "8.23"]
[Annotator "ChessBase"]
[Result "1-0"]
[Date "2021.05.09"]
[WhiteElo "2478"]
[BlackElo "2467"]
[PlyCount "79"]
[TimeControl "60"]

1. e4 d6 2. d4 Nf6 3. Nc3 g6 4. Be3 c6 5. f3 Nbd7 6. Qd2 b5 7. Bd3 Bb7 8. Nge2 Qc7 9. a3 a6 10. g4 e5 11. g5 Nh5 12. Ng3 Nf4 13. Bxf4 exf4 14. Qxf4 h6 15. h4 hxg5 16. hxg5 Rxh1+ 17. Nxh1 c5 18. Nd5 Bxd5 19. exd5 Bg7 20. 0-0-0 cxd4 21. Nf2 Rc8 22. Kb1 Nc5 23. Rd2 Be5 24. Re2 Kf8 25. Qd2 Bg7 26. Ng4 Re8 27. Rxe8+ Kxe8 28. Nf6+ Kd8 29. Qe1 Qe7 30. Qa5+ Kc8 31. Bxb5 axb5 32. Qa8+ Kc7 33. Ne8+ Kd7 34. Qc6+ Kd8 35. Nxd6 Qd7 36. Qxc5 d3 37. cxd3 Be5 38. Ne4 b4 39. d6 Qa4 40. Qc7+ 1-0

[Event "RUS-chT Premier 2021"]
[White "Gaifullin,Artur"]
[Black "Savchenko,Boris"]
[WhiteTeam "Ладья"]
[BlackTeam "Гоголевский, 14"]
[Site "Sochi"]
[Round "8.24"]
[Annotator "ChessBase"]
[Result "1/2-1/2"]
[Date "2021.05.09"]
[WhiteElo "2450"]
[BlackElo "2552"]
[PlyCount "158"]
[TimeControl "60"]

1. d4 Nf6 2. c4 e6 3. Nf3 c5 4. d5 b5 5. Bg5 b4 6. e4 d6 7. Bd3 Be7 8. 0-0 Nbd7 9. a3 e5 10. axb4 cxb4 11. Qa4 a5 12. c5 0-0 13. Qc6 Rb8 14. cxd6 Bxd6 15. Be3 Ng4 16. Ba7 Rb7 17. Qxd6 Rxa7 18. Nbd2 f5 19. Qc6 Rc7 20. Qa8 Nc5 21. Bc4 Qd6 22. Qxa5 Kh8 23. h3 fxe4 24. Ng5 Nf6 25. Qxb4 h6 26. Ne6 Nxd5 27. Bxd5 Bxe6 28. Bxe6 Qxe6 29. Nxe4 Rfc8 30. Nxc5 Rxc5 31. Ra8 Rxa8 32. Qxc5 Rb8 33. Qc3 Rb3 34. Qc2 e4 35. Rd1 Rb8 36. Re1 Qb3 37. Qxb3 Rxb3 38. Re2 g5 39. Kf1 Kg7 40. Ke1 Kf6 41. Kd1 Kf5 42. Kc2 Rb8 43. Re3 h5 44. Rc3 Ra8 45. Kd2 Rd8+ 46. Ke3 Rb8 47. b3 Ke5 48. h4 gxh4 49. Rc5+ Kf6 50. Rxh5 Rxb3+ 51. Kxe4 Kg6 52. Rd5 Rb6 53. Kf3 Rf6+ 54. Ke2 Ra6 55. Re5 Rb6 56. Kf1 Rb1+ 57. Re1 Rb2 58. Kg1 Kg5 59. Re8 Rb1+ 60. Kh2 Rf1 61. f3 Rd1 62. Re5+ Kg6 63. Ra5 Rb1 64. Kh3 Rh1+ 65. Kg4 Rh2 66. Rg5+ Kf6 67. Kf4 Rh1 68. Rg8 Rg1 69. Rg4 Rh1 70. Ke3 h3 71. gxh3 Rxh3 72. Ra4 Rh1 73. Ke4 Re1+ 74. Kf4 Rf1 75. Ra6+ Kf7 76. Ke4 Rc1 77. f4 Rc5 78. Kf3 Rd5 79. Kg4 Rc5 1/2-1/2